 Dungeon Crawl Stone Soup version 0.18.1-48-g4cf74bf (webtiles) character file.

69 Alarkh the Shooter (level 4, -3/33 HPs)
             Began as a Mummy Hunter on Sept 3, 2016.
             Slain by Sigmund
             ... wielding a +0 scythe
              (9 damage)
             ... on level 2 of the Dungeon.
             The game lasted 00:03:21 (2514 turns).

Alarkh the Shooter (Mummy Hunter)                   Turns: 2514, Time: 00:03:22

Health: -3/33      AC:  4    Str: 15    XL:     4   Next: 2%
Magic:  4/4        EV: 11    Int: 11    God:
Gold:   33         SH:  0    Dex: 12    Spells: 0 memorised, 3 levels left

rFire  x . .     SeeInvis .     b - +1 spear (vamp)
rCold  + . .     Gourm    .     c - +0 leather armour
rNeg   + + +     Faith    .     (no shield)
rPois  ∞         Spirit   .     (no helmet)
rElec  .         Dismiss  .     (no cloak)
rCorr  .         Reflect  .     (no gloves)
SustAt .         Harm     .     k - +0 pair of boots
MR     .....                    i - amulet of magic regeneration
Stlth  +.........               (no ring)
                                (no ring)

@: not resistant to hostile enchantments, very unstealthy
A: no food or potions, fire vulnerability, cold resistance 1, negative energy
resistance 3, torment resistance, unbreathing
a: no special abilities


You were on level 2 of the Dungeon.
You were not hungry.

You visited 1 branch of the dungeon, and saw 2 of its levels.

You collected 33 gold pieces.

Inventory:

Hand Weapons
 a - a +1 shortbow
 b - a +1 vampiric spear (weapon)
 l - a +0 short sword
Armour
 c - a +0 leather armour (worn)
 k - a +0 pair of boots (worn)
Jewellery
 i - an amulet of magic regeneration (around neck)
Scrolls
 e - a scroll of identify {unknown}
 f - a scroll of teleportation {unknown}
 h - a scroll of immolation {unknown}
 j - a scroll of remove curse {unknown}


   Skills:
 - Level 2.0 Fighting
 + Level 4.6 Bows
 - Level 1.5 Dodging
 - Level 0.7 Stealth


You had 3 spell levels left.
You didn't know any spells.

Dungeon Overview and Level Annotations

Branches:
Dungeon (2/15)

Altars:

Annotations:
D:2 Sigmund


Innate Abilities, Weirdness & Mutations

You do not eat or drink.
Your flesh is vulnerable to fire.
You are immune to poison.
Your flesh is cold resistant.
You are immune to negative energy.
You are immune to unholy pain and torment.
You can survive without breathing.


Message History

Sigmund hits you from afar with a scythe!
* * * LOW HITPOINT WARNING * * *
Attack whom?
Press: ? - help, Dir - move target cursor, f/p - Sigmund
Aim: Sigmund, wielding a scythe, wearing a robe and carrying a wand of heal wounds {empty} (severely wounded)
You reach to attack!
You hit Sigmund.
You feel better.
Sigmund is severely wounded.
Sigmund barely misses you.
Attack whom?
Press: ? - help, Dir - move target cursor, f/p - Sigmund
Aim: Sigmund, wielding a scythe, wearing a robe and carrying a wand of heal wounds {empty} (severely wounded)
You reach to attack!
You hit Sigmund.
You feel better.
Sigmund is severely wounded.
Attack whom?
Press: ? - help, Dir - move target cursor, f/p - Sigmund
Aim: Sigmund, wielding a scythe, wearing a robe and carrying a wand of heal wounds {empty} (severely wounded)
You reach to attack!
You hit Sigmund.
Sigmund is severely wounded.
Sigmund hits you from afar with a scythe!
You die...

... .....
######### .....
#(...<..# ....[.
###....(..#
......##......(..#
.........#(..$...#
......#.(.(..(.(.#
.......<##@..(...#
.......###.......#
......# #@.$.(..#
...... .(........
..... #.........#
..... ..........#
.... ..(.......
..## ...###(....


You could see Sigmund.

Vanquished Creatures
  Robin (D:2)
  4 dart slugs (D:1)
  2 ball pythons (D:1)
  2 bats (D:1)
  2 giant cockroaches (D:1)
  11 goblins
  11 hobgoblins
  2 jackals (D:1)
  4 kobolds (D:1)
  A giant newt (D:1)
  2 rats (D:1)
42 creatures vanquished.

Notes
Turn   | Place    | Note
--------------------------------------------------------------
     0 | D:1      | Alarkh the Mummy Hunter began the quest for the Orb.
     0 | D:1      | Reached XP level 1. HP: 16/16 MP: 1/1
   125 | D:1      | Reached XP level 2. HP: 22/22 MP: 2/2
   334 | D:1      | Reached skill level 4 in Bows
   557 | D:1      | Reached XP level 3. HP: 27/27 MP: 3/3
  1268 | D:2      | Noticed Robin
  1380 | D:2      | Noticed Sigmund
  1644 | D:2      | HP: 1/27 [Sigmund/scythe (5)]
  2203 | D:2      | Killed Robin
  2203 | D:2      | Reached XP level 4. HP: 23/33 MP: 4/4
  2514 | D:2      | Slain by Sigmund

Skill      XL: |  1  2 |
---------------+-------+-----
Bows           | 4 |  4.6
Fighting       | |  2.0
Dodging        | |  1.5
Stealth        | |  0.7

Action                   |  1- 3 |  4- 6 || total
-------------------------+-------+-------++-------
Melee: Short sword       |    33 |       ||    33
       Spear             |       |    21 ||    21
 Fire: Shortbow          |   105 |    18 ||   123
Throw: Throwing net      |       |     2 ||     2
Armor: Leather armour    |    23 |     5 ||    28
Dodge: Dodged            |    62 |    12 ||    74
